 Dungeon Crawl Stone Soup version 0.27-a0-203-gd48b2df3c9 (webtiles) character file.

Game seed: 10610974767001665300

182 Lanoc the Skirmisher (level 5, 0/43 HPs)
             Began as a Barachi Fighter on Jan 30, 2021.
             Slain by a hound (5 damage)
             ... on level 4 of the Dungeon.
             The game lasted 00:02:15 (1917 turns).

Lanoc the Skirmisher (Barachi Fighter)              Turns: 1917, Time: 00:02:16

Health: 0/43       AC:  7    Str: 17    XL:     5   Next: 62%
Magic:  5/5        EV:  8    Int:  9    God:
Gold:   167        SH:  9    Dex: 12    Spells: 4/4 levels left

rFire    . . .     SeeInvis .   k - +1 falchion (holy)
rCold    . . .     Faith    .   c - +0 kite shield
rNeg     . . .     Spirit   .   b - +0 scale mail
rPois    .         Reflect  .   (no helmet)
rElec    .         Harm     .   (no cloak)
rCorr    .         Rampage  .   (no gloves)
Will     .....                  (no boots)
Stlth    ..........             (no amulet)
HPRegen  0.14/turn              (no ring)
MPRegen  0.09/turn              (no ring)

@: mighty, slow
A: +LOS, swims, slowness 1, strong legs 1
a: Hop


You were on level 4 of the Dungeon.
You visited 1 branch of the dungeon, and saw 4 of its levels.

You collected 167 gold pieces.

Inventory:

Hand Weapons
 k - a +1 falchion of holy wrath (weapon)
Armour
 b - a +0 scale mail (worn)
 c - a +0 kite shield (worn)
Scrolls
 a - a scroll of immolation {unknown}
 e - 5 scrolls of identify {unknown}
 f - a scroll of remove curse {unknown}
 g - a scroll of fear {unknown}
 m - a scroll of teleportation {unknown}
Potions
 d - 2 potions of might
 h - 2 potions of resistance {unknown}
 i - 2 potions of flight {unknown}
 j - 2 potions of haste
 l - a potion of invisibility {unknown}
 n - a potion of curing {unknown}
 o - a potion of cancellation {unknown}


   Skills:
 + Level 4.4 Fighting
 * Level 4.4 Long Blades
 + Level 4.4 Armour
 + Level 2.0 Dodging
 - Level 4.0 Shields


You had 4 spell levels left.
You didn't know any spells.
Your spell library was empty.

Dungeon Overview and Level Annotations

Branches:
Dungeon (4/15)
 Temple: D:4-7

Altars:
Fedhas
Ru
Vehumet
Yredelemnul


Innate Abilities, Weirdness & Mutations

You can be seen from farther away. (+LOS)
You can swim through water.
You cover ground slowly.
You can hop short distances.


Message History

You block the orc's attack. The dart slug launches a dart at you.
The slug dart hits you but does no damage.
You slash the hound!
The hound is almost dead.
You block the hound's attack. The hound bites you but does no damage.
You block the orc's attack. The dart slug bites you.
* * * LOW HITPOINT WARNING * * *
You hit the orc.
You kill the orc!
You block the hound's attack. The hound bites you but does no damage.
The dart slug closely misses you.
You miss the hound.
The hound is almost dead.
The hound bites you but does no damage. You block the hound's attack.
The dart slug bites you but does no damage.
You closely miss the hound.
The hound is almost dead.
The hound bites you.
You die...

#....###.####
##....##.....#########
........!............#
###...##.....##..###.#
.................)...#
.#...##.....#.......$#
....# #.....#..(...$.#
............#.[).)...#
............#...@h...#
.....#....>.#..))w.......
.....#......#####..#.#.#.
.. #.#.##.# #.# .. #.#.
#. .# ... .# # . . ..


You could see a hound and a dart slug.

Vanquished Creatures
  A centaur skeleton (D:4)
  Jessica (D:2)
  An orc wizard (D:4)
  4 gnolls (D:3)
  2 adders
  2 worms
  2 leopard geckos
  3 orcs (D:4)
  4 giant cockroaches
  3 goblins
  2 hobgoblins (D:3)
  7 bats
  2 frilled lizards
  6 kobolds
  2 rats
42 creatures vanquished.

Notes
Turn   | Place    | Note
-------+----------+-------------------------------------------
     0 | D:1      | Lanoc the Barachi Fighter began the quest for the Orb.
     0 | D:1      | Reached XP level 1. HP: 18/18 MP: 1/1
   231 | D:1      | Reached XP level 2. HP: 24/25 MP: 2/2
   480 | D:2      | Reached XP level 3. HP: 30/30 MP: 3/3
   530 | D:2      | Noticed Jessica
   534 | D:2      | Killed Jessica
   535 | D:2      | Reached skill level 1 in Dodging
   612 | D:3      | Found a basalt altar of Yredelemnul.
   638 | D:3      | Reached XP level 4. HP: 35/37 MP: 4/4
   669 | D:3      | Found a radiant altar of Vehumet.
  1469 | D:3      | Found a sacrificial altar of Ru.
  1508 | D:3      | Found a blossoming altar of Fedhas.
  1831 | D:4      | Reached XP level 5. HP: 36/42 MP: 5/5
  1917 | D:4      | Slain by a hound

Illustrated notes

Levels and vault maps discovered:
D:1:      lightli_arrival_statuegarden, layout_basic, minmay_ruptured
D:2:      layout_loops_ring, marbit_many_paths, uniq_jessica
D:3:      wander_river, layout_loops_ring, lemuel_doored_altar,
          old_standard_altar, nicolae_ru_the_path_less_chosen,
          lemuel_crystal_altar, minmay_surrounded
D:4:      layout_basic, elyvilon_altar_4

Skill      XL: |  1  2  3  4  5 |
---------------+----------------+-----
Long Blades    | 3 4 |  4.4
Fighting       | 4 |  4.4
Armour         | 4 |  4.4
Dodging        | 1 2 |  2.0
Shields        | 4 |  4.0

Action                   |  1- 3 |  4- 6 || total
-------------------------+-------+-------++-------
Melee: Long sword        |    60 |     1 ||    61
       Falchion          |       |   109 ||   109
  Use: Potion            |       |     1 ||     1
Armor: Scale mail        |    43 |    59 ||   102
Dodge: Dodged            |    17 |    45 ||    62
Block: Kite shield       |    45 |    78 ||   123
       Rpst.: Long sword |     7 |       ||     7
       Falchion          |       |    15 ||    15

Table legend: (Time is in decaauts)
 A = Elapsed time spent in this place.
 B = Non-inter-level travel time spent in this place.
 C = Inter-level travel time spent in this place.
 D = Time resting spent in this place.
 E = Time spent auto-exploring this place.
 F = Levels seen in this place.
 G = Mean time per level.
                   A        B        C        D        E       F      G
               +--------+--------+--------+--------+--------+-----+--------+
         Total |   2179 |   2086 |     93 |    156 |   1562 |   4 |  544.8 |
       Dungeon |   2179 |   2086 |     93 |    156 |   1562 |   4 |  544.8 |
               +--------+--------+--------+--------+--------+-----+--------+

Top non-repeatable levels by time:
     D:3: 1181 daAuts
     D:2: 398 daAuts
     D:4: 310 daAuts
     D:1: 289 daAuts
